 Dungeon Crawl Stone Soup version 0.25.1-8-g42b30a86e7 (webtiles) character file.

Game seed: 6898836764252215189

11833 Clowwww the Cleaver (level 11, -2/84 HPs)
             Began as a Demonspawn Fighter on Dec 19, 2020.
             Was an Elder of Trog.
             Slain by Snorg (9 damage)
             ... on level 10 of the Dungeon.
             The game lasted 00:28:50 (10453 turns).

Clowwww the Cleaver (Demonspawn Fighter)           Turns: 10453, Time: 00:28:51

Health: -2/84      AC:  9    Str: 19    XL:     11   Next: 54%
Magic:  0/12       EV: 12    Int: 13    God:    Trog [****..]
Gold:   267        SH: 17    Dex: 14    Spells: 10/10 levels left

rFire    + . .     SeeInvis +   a - +2 war axe
rCold    + + +     Gourm    .   c - +0 kite shield
rNeg     . . .     Faith    .   m - +2 ring mail {rC+}
rPois    +         Spirit   +   b - +0 helmet
rElec    .         Reflect  .   (no cloak)
rCorr    .         Harm     .   (no gloves)
MR       +....                  (no boots)
Stlth    +.........             (no amulet)
HPRegen  0.24/turn              C - ring "Pumer" {rPois rF+ rC++ Int+4}
MPRegen  0.13/turn              t - ring of Veruacal {*Slow +Fly MR+ SInv}

@: studying Axes
A: talons 2, large bone plates 2, powered by death 1, magic shield
a: Berserk, Trog's Hand, Brothers in Arms, Renounce Religion, Evoke Flight


You were on level 10 of the Dungeon.
You worshipped Trog.
Trog was greatly pleased with you.
You were not hungry.

You visited 2 branches of the dungeon, and saw 11 of its levels.
You also visited: Bailey.

You collected 659 gold pieces.
You spent 392 gold pieces at shops.

Inventory:

Hand Weapons
 a - a +2 war axe (weapon)
 B - the +7 flail of Disembowelment {vorpal, rPois}
   (You found it on level 10 of the Dungeon)

   It inflicts extra damage upon your enemies.
   It protects you from poison.
Missiles
 D - 26 boomerangs (quivered)
Armour
 b - a +0 helmet (worn)
 c - a +0 kite shield (worn)
 m - a +2 ring mail of cold resistance (worn)
Jewellery
 j - an uncursed ring of flight
 n - a +6 ring of strength
 r - an uncursed ring of protection from cold
 s - an uncursed ring of protection from magic
 t - the ring of Veruacal (right hand) {*Slow +Fly MR+ SInv}
   (You bought it in a shop on level 7 of the Dungeon)

   [ring of protection from magic]

   It affects your resistance to hostile enchantments.
   It lets you see invisible.
   It lets you fly.
   It may slow you when you take damage.
 v - a cursed ring of teleportation {unknown}
 A - a +4 ring of evasion {unknown}
 C - the ring "Pumer" (left hand) {rPois rF+ rC++ Int+4}
   (You acquired it in a bailey)

   [ring of intelligence]

   It affects your intelligence (+4).
   It protects you from fire.
   It greatly protects you from cold.
   It protects you from poison.
 E - an uncursed ring of stealth {unknown}
 K - a cursed -4 ring of protection {unknown}
Wands
 u - a wand of disintegration (29)
 y - a wand of acid (1)
Scrolls
 e - 4 scrolls of fog
 k - 6 scrolls of remove curse
 o - 6 scrolls of teleportation
 F - a scroll of magic mapping
 J - a scroll of vulnerability {unknown}
Potions
 g - a potion of cancellation
 h - 2 potions of invisibility {unknown}
 i - 4 potions of might
 l - 3 potions of curing {unknown}
 p - 2 potions of haste
 q - 2 potions of magic {unknown}
 w - 2 potions of flight {unknown}
 x - a potion of stabbing {unknown}
 z - a potion of berserk rage {unknown}
 G - a potion of heal wounds {unknown}
 H - a potion of experience {unknown}
Books
 d - a manual of Axes
Comestibles
 f - 15 rations


   Skills:
 + Level 7.4 Fighting
 + Level 12.7 Axes
 + Level 2.1 Throwing
 + Level 6.4 Armour
 + Level 4.4 Dodging
 + Level 1.9 Stealth
 + Level 9.2 Shields
 + Level 1.5 Evocations


You had 10 spell levels left.
You didn't know any spells.
Your spell library was empty.

Dungeon Overview and Level Annotations

Branches:
Dungeon (10/15)            Temple (1/1) D:4            Lair (0/6) D:9
    Orc (0/2) D:10         Bailey (visited)

Altars:
Ashenzari
Cheibriados
Elyvilon
Fedhas
Gozag
Hepliaklqana
Makhleb
Nemelex Xobeh
Okawaru
Qazlal
Sif Muna
Trog
Vehumet
Wu Jian
Yredelemnul
Zin
The Shining One

Shops:
D:5 :   D:6 (   D:7 =

Annotations:
D:2 exclusion: oklob plant
D:10 Snorg


Innate Abilities, Weirdness & Mutations

You have razor-sharp toenails.
You are mostly covered in large bone plates. (SH +6)
You regenerate a little health from kills.
When hurt, damage is shared between your health and your magic reserves.


Message History

Snorg barely misses you. You block Snorg's attack. Snorg misses you.
You barely miss Snorg.
Snorg is moderately wounded.
Snorg goes berserk!
You slash Snorg! You claw Snorg.
Snorg is heavily wounded.
Snorg closely misses you. You block Snorg's attack. x2
Snorg closely misses you. Snorg misses you. Snorg claws you but does no damage.
You barely miss Snorg.
Snorg is heavily wounded.
You block Snorg's attack. x2; Snorg claws you!
You barely miss Snorg. You claw Snorg!
Snorg is heavily wounded.
You block Snorg's attack. x2; Snorg claws you.
You slice Snorg!!
Snorg is severely wounded.
Snorg bites you! Snorg claws you!! You block Snorg's attack. Snorg bites you!!
* * * LOW HITPOINT WARNING * * *
Snorg closely misses you. Snorg claws you!
You die...

#.# #.#...## .....#.#
##.##### #.#..#.#
#...# # #.#..#.#
#...# #........#
#...##### .#.....#
#...##...
......####...##.##
###T#.#.............
#..@................
##.#.##..............
#........####...##.##
#..####.## #...##...
#..####.## ##...#####
#........# #...[.....
#.#.####.# #....#..##
#.#.####.###.#.##..##
#.#.##......[..##..##


You could see Snorg (berserk).

Vanquished Creatures
  A centaur warrior (D:9)
  A queen ant (D:8)
  A two-headed ogre (D:9)
  An orc knight (Bailey)
  A cyclops (D:10)
  A troll (D:10)
  A hornet (D:8)
  4 hippogriffs
  Sigmund (D:2)
  A wraith (D:10)
  5 yaks (D:9)
  A hungry ghost (D:9)
  14 soldier ants (D:8)
  2 black bears
  3 orc warriors
  2 sky beasts (D:10)
  5 ogres
  6 centaurs
  A phantom (D:2)
  2 big kobolds
  3 bullfrogs
  A gnoll sergeant (D:9)
  3 scorpions
  3 wights (D:9)
  An electric eel (D:6)
  3 howler monkeys
  6 crimson imps
  6 orc priests
  A centaur skeleton (D:3)
  5 hounds
  7 orc wizards
  An iguana (D:7)
  37 worker ants
  A hound zombie (D:8)
  A worker ant zombie (D:5)
  6 adders
  16 gnolls
  A shadow imp (D:5)
  An adder skeleton (D:8)
  An adder zombie (D:5)
  3 worms
  2 dart slugs
  4 leopard geckos
  24 orcs
  6 bats
  5 giant cockroaches
  15 goblins
  12 hobgoblins
  4 jackals
  4 quokkas
  3 ball pythons
  6 frilled lizards
  2 jackal skeletons
  29 kobolds
  A leopard gecko zombie (D:8)
  A quokka skeleton (D:9)
  5 rats
284 creatures vanquished.

Vanquished Creatures (collateral kills)
  An orc warlord (Bailey)
  A goblin (Bailey)
  A hobgoblin (Bailey)
3 creatures vanquished.

Vanquished Creatures (others)
  A plant (D:6)
1 creature vanquished.

Grand Total: 288 creatures vanquished

Notes
Turn   | Place    | Note
-------+----------+-------------------------------------------
     0 | D:1      | Clowwww the Demonspawn Fighter began the quest for the Orb.
     0 | D:1      | Reached XP level 1. HP: 18/18 MP: 1/1
   132 | D:1      | Gained mutation: You are partially covered in large bone
                  | plates. (SH +4) [demonic ancestry]
   132 | D:1      | Reached XP level 2. HP: 11/24 MP: 2/2
   455 | D:1      | Reached skill level 2 in Axes
   746 | D:2      | Gained mutation: You regenerate a little health from kills.
                  | [demonic ancestry]
   746 | D:2      | Reached XP level 3. HP: 13/29 MP: 3/3
   759 | D:2      | Reached XP level 4. HP: 19/35 MP: 4/4
   788 | D:2      | Noticed a centaur
   792 | D:2      | Noticed Sigmund
   802 | D:2      | Killed a centaur
   802 | D:2      | Reached skill level 3 in Axes
   802 | D:2      | Gained mutation: You have sharp toenails. [demonic
                  | ancestry]
   802 | D:2      | Reached XP level 5. HP: 37/41 MP: 5/5
   811 | D:2      | Killed Sigmund
   811 | D:2      | Reached skill level 1 in Dodging
   811 | D:2      | Gained mutation: You have razor-sharp toenails. [demonic
                  | ancestry]
   811 | D:2      | Reached XP level 6. HP: 46/48 MP: 6/6
   831 | D:2      | Found a hazy altar of Hepliaklqana.
   966 | D:2      | Reached skill level 4 in Axes
  1697 | D:2      | Found a blossoming altar of Fedhas.
  1728 | D:2      | Noticed an oklob plant
  2056 | D:3      | Reached XP level 7. HP: 53/53 MP: 7/7
  2162 | D:3      | Found a shimmering blue altar of Sif Muna.
  2355 | D:3      | Found a white marble altar of Elyvilon.
  2533 | D:4      | Found an opulent altar of Gozag.
  2604 | D:4      | Found a staircase to the Ecumenical Temple.
  2614 | Temple   | Entered the Ecumenical Temple
  2626 | Temple   | Became a worshipper of Trog the Wrathful
  2644 | D:4      | Reached skill level 5 in Axes
  3264 | D:4      | Reached skill level 5 in Shields
  3609 | D:5      | Entered Level 5 of the Dungeon
  3734 | D:5      | Reached XP level 8. HP: 55/60 MP: 8/8
  3779 | D:5      | Found a basalt altar of Yredelemnul.
  3969 | D:5      | Found Lebimp's Book Boutique.
  4516 | D:6      | HP: 2/61 [electric eel/bolt of electricity (14)]
  5062 | D:6      | Reached skill level 6 in Axes
  5243 | D:6      | Found Hoar's Weapon Boutique.
  5380 | D:6      | Found a snail-covered altar of Cheibriados.
  5510 | D:6      | Found an ornate altar of the Wu Jian Council.
  5510 | D:6      | Found a glowing silver altar of Zin.
  5511 | D:6      | Found a glowing golden altar of the Shining One.
  5968 | D:7      | Reached skill level 5 in Armour
  5979 | D:7      | Found a sparkling altar of Nemelex Xobeh.
  6088 | D:7      | Found Vyucvej's Jewellery Shoppe.
  6093 | D:7      | Bought the ring of Veruacal {*Slow +Fly MR+ SInv} for 392
                  | gold pieces
  6124 | D:7      | Reached * piety under Trog
  6157 | D:7      | Reached skill level 7 in Axes
  6188 | D:7      | Reached skill level 5 in Fighting
  6188 | D:7      | Gained mutation: You are mostly covered in large bone
                  | plates. (SH +6) [demonic ancestry]
  6188 | D:7      | Reached XP level 9. HP: 68/68 MP: 9/9
  6516 | D:8      | Identified a scroll of acquirement
  6516 | D:8      | Acquired a manual of Axes
  6707 | D:8      | Reached skill level 8 in Axes
  6719 | D:8      | Noticed a queen ant
  6724 | D:8      | Reached skill level 9 in Axes
  7174 | D:8      | Reached ** piety under Trog
  7188 | D:8      | Killed a queen ant
  7188 | D:8      | Reached skill level 10 in Axes
  7188 | D:8      | Reached XP level 10. HP: 57/76 MP: 10/10
  7317 | D:8      | Paralysed by a hornet for 2 turns
  7701 | D:8      | Reached skill level 11 in Axes
  7701 | D:8      | Reached skill level 1 in Stealth
  7942 | D:8      | Found an iron altar of Okawaru.
  8241 | D:9      | Found a staircase to the Lair.
  8276 | D:9      | Found a burning altar of Makhleb.
  8277 | D:9      | Noticed a two-headed ogre
  8284 | D:9      | Killed a two-headed ogre
  8284 | D:9      | Reached skill level 1 in Evocations
  8329 | D:9      | Reached *** piety under Trog
  8698 | D:9      | Reached skill level 12 in Axes
  9009 | D:9      | Noticed a centaur warrior
  9013 | D:9      | Gained mutation: When hurt, damage is shared between your
                  | health and your magic reserves. [demonic ancestry]
  9013 | D:9      | Reached XP level 11. HP: 64/83 MP: 11/11
  9030 | D:9      | Killed a centaur warrior
  9341 | D:10     | Entered Level 10 of the Dungeon
  9385 | D:10     | Found a flagged portal.
  9396 | Bailey   | Entered a bailey
  9402 | Bailey   | Noticed an orc warlord
  9413 | Bailey   | Reached **** piety under Trog
  9450 | Bailey   | Noticed an orc knight
  9464 | Bailey   | Killed an orc knight
  9609 | Bailey   | Found a runed translucent gate.
  9611 | Bailey   | Found a runed translucent gate.
  9613 | Bailey   | Found a runed translucent gate.
  9842 | Bailey   | Killed an orc warlord
  9842 | Bailey   | Reached skill level 1 in Throwing
  9874 | Bailey   | Acquired the ring "Pumer" {rPois rF+ rC++ Int+4}
  9997 | D:10     | Got a crude flail
  9998 | D:10     | Identified the +7 flail of Disembowelment {vorpal, rPois}
                  | (You found it on level 10 of the Dungeon)
 10176 | D:10     | Found a staircase to the Orcish Mines.
 10443 | D:10     | Noticed Snorg
 10453 | D:10     | Slain by Snorg

Illustrated notes

Levels and vault maps discovered:
D:1:      minmay_arrival_jagged, layout_rooms
D:2:      minmay_spotlight, layout_loops_ring, tgw_fedhas, lemuel_doored_altar,
          kennysheep_generic_room_4, uniq_sigmund
D:3:      layout_loops_ring, elyvilon_altar_4, lemuel_blue_sif_altar
D:4:      layout_loops_ring, grunt_gozag_breadcrumbs, minmay_temple_entry_mist,
          first_ration, wad_floor_pattern_untrapped, kennysheep_pointless_box
D:5:      minmay_evil_eye, layout_loops_ring, kennysheep_mini, serial_shops,
          nicolae_shop_stone
D:6:      layout_rooms, gammafunk_temple_overflow_claw, cheibrodos_worm_habitat,
          serial_shops, nicolae_shop_waterfront, serial_bayou_lagoon_a,
          corexii_item_surrounded_by_moat
D:7:      layout_gridville, nicolae_overflow_hidden_temple, serial_shops,
          kennysheep_little_box
D:8:      layout_basic, okawaru_ov_weapons_minmay, serial_rivers,
          chequers_serial_rivers_marsh, chequers_serial_rivers_micro_a,
          chequers_serial_rivers_room_a, chequers_serial_rivers_small_a,
          chequers_serial_rivers_small_a, grunt_ministairs_5,
          hangedman_pestilent_swarm, zaba_anthell
D:9:      layout_irregular_city, nicolae_overflow_crystal_walls,
          lair_entry_dummy, kennysheep_generic_room_10
D:10:     layout_loops_cross, david_orc_2, enter_bailey_3, uniq_snorg
Temple:   compressed_dpeg_triangle_lava_temple

Skill      XL: |  1  2  3  4  5  6  7  8  9 10 11 |
---------------+----------------------------------+-----
Shields        | 3 4 5 7 8 9 |  9.2
Axes           | 2 3 4 5 7 10 12 | 12.7
Armour         | 3 4 5 6 |  6.4
Dodging        | 1 2 3 4 |  4.4
Fighting       | 4 5 6 7 |  7.4
Stealth        | 1 |  1.9
Evocations     | 1 |  1.5
Throwing       | 2 |  2.1

Action                   |  1- 3 |  4- 6 |  7- 9 | 10-12 || total
-------------------------+-------+-------+-------+-------++-------
Melee: War axe           |    74 |   127 |   301 |   357 ||   859
       Kick              |       |    29 |   113 |   137 ||   279
Throw: Boomerang         |       |       |       |    32 ||    32
Invok: Berserk           |       |       |     1 |     2 ||     3
       Brothers in Arms  |       |       |       |     1 ||     1
Evoke: Wand              |       |       |     2 |     9 ||    11
  Use: Potion            |     1 |     1 |     2 |       ||     4
       Scroll            |       |     8 |     6 |     7 ||    21
  Eat: Chunk             |       |     4 |    14 |     7 ||    25
       Ration            |       |       |     1 |     2 ||     3
Armor: Scale mail        |    37 |    43 |    21 |       ||   101
       Skin              |       |       |    13 |       ||    13
       Ring mail         |       |       |    50 |    56 ||   106
Dodge: Dodged            |    26 |    34 |    86 |   101 ||   247
Block: Kite shield       |    74 |    95 |   237 |   337 ||   743
